 Dungeon Crawl Stone Soup version 0.28-a0-1143-gcf6077d4cc (webtiles) character file.

Game seed: 3014253436146110894

2573 wakim the Zephyrmancer (level 9, -4/55 HPs)
             Began as a Tengu Air Elementalist on Dec 13, 2021.
             Was a Follower of Vehumet.
             Slain by a slime creature (12 damage)
             ... on level 7 of the Dungeon.
             The game lasted 00:40:25 (9897 turns).

wakim the Zephyrmancer (Tengu Air Elementalist)     Turns: 9897, Time: 00:40:26

Health: -4/55      AC:  7    Str:  8    XL:     9   Next: 57%
Magic:  9/16       EV: 18    Int: 19    God:    Vehumet [*.....]
Gold:   123        SH:  0    Dex: 16    Spells: 4/16 levels left

rFire   . . .      SeeInvis .   a - +1 dagger (protect)
rCold   . . .      Faith    .   (no shield)
rNeg    + . .      Spirit   .   e - +0 robe
rPois   .          Reflect  .   (helmet restricted)
rElec   .          Harm     .   l - +0 cloak
rCorr   .          Rampage  .   (no gloves)
Will    .....                   (boots unavailable)
Stlth   ++........              g - amulet of the acrobat
HPRegen 0.18/turn               j - ring of positive energy
MPRegen 0.15/turn               h - +4 ring of protection

@: about to teleport, flying quickly and evasively, quick
A: beak, talons 3, nimble flight
a: Renounce Religion


You were on level 7 of the Dungeon.
You worshipped Vehumet.
Vehumet was aware of your devotion.
You visited 2 branches of the dungeon, and saw 8 of its levels.
You also visited: Ossuary.

You collected 311 gold pieces.
You spent 188 gold pieces at shops.

Inventory:

Hand Weapons
 a - a +1 dagger of protection (weapon)
 b - a +2 long sword
Armour
 e - a +0 robe (worn)
 l - a +0 cloak (worn)
Jewellery
 g - an amulet of the acrobat (around neck)
 h - a +4 ring of protection (right hand)
 j - a ring of positive energy (left hand)
 k - a ring of protection from cold
Wands
 w - a wand of acid (12)
 z - a wand of polymorph (9)
Scrolls
 r - 2 scrolls of identify
 R - a scroll of magic mapping {!r}
 T - 5 scrolls of teleportation
 U - a scroll of fear
 W - a scroll of holy word
 X - 2 scrolls of fog
 Y - a scroll of blinking {!r}
Potions
 B - 2 potions of attraction {!q}
 C - 2 potions of berserk rage {!q}
 D - 3 potions of brilliance
 E - a potion of cancellation
 F - 2 potions of curing
 H - 2 potions of haste
 J - 3 potions of heal wounds
 K - a potion of magic
 M - a potion of mutation {!q}
 N - a potion of might
 O - a potion of resistance


   Skills:
 + Level 5.9 Fighting
 - Level 6.0 Dodging
 - Level 3.0 Stealth
 - Level 4.0 Spellcasting
 + Level 7.9 Conjurations
 - Level 3.0 Translocations
 - Level 8.0 Air Magic


You had 4 spell levels left.
You knew the following spells:

 Your Spells              Type           Power      Damage    Failure   Level
a - Shock                 Conj/Air       100%       1d9       1%          1
b - Airstrike             Air            17%        N/A       4%          4
d - Static Discharge      Conj/Air       34%        N/A       1%          2
s - Swiftness             Air            34%        N/A       1%          3
B - Blink                 Tloc           30%        N/A       6%          2

Your spell library contained the following spells:

 Spells                   Type           Power      Damage    Failure   Level
 Freeze                   Ice            12%        1d4       14%         1
 Dazzling Flash           Conj/Hex       36%        N/A       9%          3
 Iskenderun's Mystic Bla  Conj/Tloc      24%        2d7       14%         4
 Ensorcelled Hibernation  Hex/Ice        6%         N/A       21%         2
 Portal Projectile        Hex/Tloc       18%        N/A       22%         3
 Fulminant Prism          Conj/Hex       9%         3d7       26%         4
 Passage of Golubria      Tloc           15%        N/A       36%         4
 Call Canine Familiar     Summ           3%         N/A       38%         3
 Tukima's Dance           Hex            3%         N/A       38%         3
 Leda's Liquefaction      Hex/Erth       1%         N/A       80%         4
 Silence                  Hex/Air        9%         N/A       58%         5
 Manifold Assault         Tloc           15%        N/A       73%         5
 Lee's Rapid Deconstruct  Erth           1%         3d5*      98%         5
 Starburst                Conj/Fire      9%         6d5       99%         6
 Storm Form               Tmut/Air       9%         N/A       100%        7
 Lehudib's Crystal Spear  Conj/Erth      9%         10d4      100%        8


Dungeon Overview and Level Annotations

Branches:
Dungeon (7/15)             Temple (1/1) D:5         Ossuary (visited)

Altars:
Ashenzari
Cheibriados
Dithmenos
Fedhas
Gozag
Hepliaklqana
Kikubaaqudgha
Makhleb
Nemelex Xobeh
Okawaru
Qazlal
Ru
Sif Muna
Trog
Uskayaw
Vehumet
Wu Jian
Xom
Yredelemnul
Zin
The Shining One

Shops:
D:3 *   D:5 ?   D:6 ?

Annotations:
D:4 1 runed translucent door, Grinder; ThreePoint314's ghost, amateur TrCK


Innate Abilities, Weirdness & Mutations

You have a beak for a mouth.
You have claws for feet.
Your magical nature lets you fly swiftly and evasively.


Message History

The steam dragon hisses angrily.
The steam dragon is moderately wounded.
The slime creature enters a dispersal trap!
The steam dragon blinks!
You blink.
The slime creature blinks!
The steam dragon breathes steam at you. The ball of steam hits you!
The slime creature quivers.
Unknown command.
There is an open door here.
The slime creature is engulfed in a cloud of scalding steam.
The zap hits the slime creature.
The slime creature is moderately wounded.
The zap hits the steam dragon!
The steam dragon is heavily wounded.
The zap hits the slime creature!
The slime creature is heavily wounded.
The zap hits the steam dragon.
The steam dragon is severely wounded.
The slime creature hits you!
You are too injured to fight recklessly!
Unknown command.
Casting: Shock (safe; 1% risk of failure)
Confirm with . or Enter, or press ? or * to list all spells.
Aiming: Airstrike (dangerous; 4% risk of failure)
Press: ? - help, Dir - move target, f/p - slime creature
Aim: a slime creature (heavily wounded, empty space bonus: 4/8)
Okay, then.
Casting: Airstrike (dangerous; 4% risk of failure)
Confirm with . or Enter, or press ? or * to list all spells.
The slime creature is struck by an arc of lightning!
The slime creature is severely wounded.
You are struck by an arc of lightning.
* * * LOW HITPOINT WARNING * * *
The slime creature is struck by an arc of lightning.
The slime creature is severely wounded.
The lightning grounds out.
The slime creature hits you!!
* * * LOW HITPOINT WARNING * * *
As you read the scroll of teleportation, it crumbles to dust.
You feel strangely unstable. The slime creature hits you!
You die...

.#......####+#######+#####.#
.#.....###.§...## #.# ####
.#...#.####..^..## #.# #...
.##....#.###.....## #.###.##
.#.....#..###.§...##
#.#.....
.......'...###§....#
+.#.....
..##...#....####'#####
#.......
.(.....#.....#..JD.#.##
#...#.##
.#...#.##....#..@..#..##
#.###.#
.#.#...###...'.[.).'...###.#
..# >#.#...#
##..#.)!..#....##.#.###
.#.#...#
##.#.....#.....#.#.#
.#.....# #####'####....#...#
.......+ #.....###...'.###
##.....# ##...†.###..#.#
#.....# ##.....###.#.##
##....# ##.....####..#


You could see a slime creature and a steam dragon.

Vanquished Creatures
  A hornet (D:7)
  A shadow (D:6)
  Eustachio (D:4)
  Menkaure (D:6)
  An orc warrior (D:7)
  An ice beast (D:7)
  3 sky beasts
  2 centaurs
  A phantom (D:5)
  A bullfrog (D:7)
  A scorpion (D:7)
  A wyvern skeleton (D:6)
  4 wights (D:6)
  A howler monkey (D:3)
  2 bullfrog zombies
  A centaur zombie (D:7)
  2 bullfrog skeletons
  2 gnoll shamans
  2 orc priests
  A centaur skeleton (D:5)
  3 hounds
  4 jellies
  2 iguanas (D:5)
  An orc wizard (D:6)
  A killer bee zombie (D:6)
  3 hound skeletons
  3 mummies (Ossuary)
  7 gnolls
  A howler monkey zombie (D:6)
  4 adders
  3 adder zombies (Ossuary)
  A worm (D:3)
  13 orcs
  8 ball pythons
  2 bats
  7 endoplasms
  3 giant cockroaches
  9 goblins
  5 hobgoblins
  3 quokkas
  4 frilled lizards
  3 goblin zombies (Ossuary)
  2 hobgoblin zombies (Ossuary)
  7 kobolds
  4 kobold zombies (Ossuary)
  3 quokka zombies (Ossuary)
  5 rats
  3 rat zombies (Ossuary)
144 creatures vanquished.

Notes
Turn   | Place    | Note
-------+----------+-------------------------------------------
     0 | D:1      | wakim the Tengu Air Elementalist began the quest for the
                  | Orb.
     0 | D:1      | Reached XP level 1. HP: 10/10 MP: 4/4
   296 | D:1      | Reached XP level 2. HP: 11/15 MP: 0/6
   299 | D:1      | Learned a level 2 spell: Static Discharge
  1502 | D:2      | Reached XP level 3. HP: 16/19 MP: 3/7
  2003 | D:2      | Found a shimmering altar of Xom.
  2383 | D:2      | Learned a level 3 spell: Swiftness
  2718 | D:3      | Reached XP level 4. HP: 15/24 MP: 0/8
  3134 | D:3      | Found Listiyf's General Store.
  3233 | D:3      | Bought a potion of curing for 36 gold pieces
  3876 | D:4      | Gained mutation: Your magical nature lets you fly swiftly
                  | and evasively. [Tengu growth]
  3876 | D:4      | Reached XP level 5. HP: 28/28 MP: 5/10
  3961 | D:4      | Noticed a phantom
  3999 | D:4      | Noticed Eustachio
  4173 | D:4      | Killed Eustachio
  4174 | D:4      | Reached skill level 5 in Conjurations
  4174 | D:4      | Reached skill level 5 in Air Magic
  4174 | D:4      | Reached XP level 6. HP: 26/33 MP: 1/13
  4263 | D:4      | Reached skill level 1 in Fighting
  4661 | D:4      | Reached XP level 7. HP: 40/40 MP: 8/14
  4726 | D:4      | Found a runed translucent door.
  4996 | D:4      | Noticed ThreePoint314's ghost (amateur TrCK)
  5159 | D:4      | Noticed Grinder
  5179 | D:5      | Entered Level 5 of the Dungeon
  5392 | D:5      | Found Yseweomn's Magic Scroll Emporium.
  5419 | D:5      | Found a sand-covered staircase.
  5456 | Ossuary  | Entered an ossuary
  6144 | D:5      | Learned a level 2 spell: Blink
  6158 | D:5      | Bought a scroll of identify for 20 gold pieces
  6158 | D:5      | Bought a scroll of identify for 20 gold pieces
  6158 | D:5      | Bought a scroll of identify for 20 gold pieces
  6158 | D:5      | Bought a scroll of fog for 20 gold pieces
  6438 | D:5      | Found a staircase to the Ecumenical Temple.
  6449 | Temple   | Entered the Ecumenical Temple
  6641 | Temple   | Became a worshipper of Vehumet
  6876 | D:5      | Learned a level 4 spell: Airstrike
  6990 | D:4      | Reached skill level 1 in Translocations
  6990 | D:4      | Reached skill level 6 in Air Magic
  6990 | D:4      | Reached XP level 8. HP: 36/48 MP: 2/15
  7510 | D:6      | Found Fuitiba's Magic Scroll Shop.
  7893 | D:6      | Noticed a shadow
  7943 | D:5      | Reached skill level 7 in Air Magic
  8490 | D:6      | Reached skill level 8 in Air Magic
  8623 | D:6      | Noticed Menkaure
  8628 | D:6      | Killed Menkaure
  8652 | D:6      | Killed a shadow
  8653 | D:6      | Reached XP level 9. HP: 39/52 MP: 2/16
  8830 | D:6      | Bought 3 scrolls of identify for 72 gold pieces
  8898 | D:7      | Reached skill level 5 in Dodging
  9043 | D:7      | Reached * piety under Vehumet
  9043 | D:7      | Offered knowledge of Freeze by Vehumet.
  9044 | D:7      | Reached skill level 5 in Fighting
  9499 | D:7      | Noticed a hornet
  9506 | D:7      | Killed a hornet
  9897 | D:7      | Slain by a slime creature

Illustrated notes

Levels and vault maps discovered:
D:1:      grunt_arrival_lava_bath, layout_basic, minmay_misc_feat_four_crosses
D:2:      layout_loops_cross, basic_altar, minmay_circle_x
D:3:      layout_basic, serial_co_window_serial, co_window_paths_a,
          co_window_cross_1, co_window_of_opportunity_a, co_window_paths_b,
          co_window_of_opportunity_a, co_window_paths_b, co_window_corner_a,
          co_window_2corner, co_window_corner_b, co_window_broadway_a,
          co_window_cross_4, co_window_cross_3, co_window_4corner_b,
          glass_columns_b, glass_columns_a, glass_columns_a, glass_columns_a,
          serial_shops, shop
D:4:      layout_cave_pools, ebering_ghost_sewer_d, uniq_grinder, uniq_edmund,
          uniq_eustachio
D:5:      layout_loops_ring, minmay_temple_entry_large_hall, enter_ossuary_1,
          serial_shops, nicolae_shop_temple_entry_statues_fountains,
          st_stairs_10
D:6:      layout_loops_cross, serial_shops, kennysheep_mini, uniq_menkaure
D:7:      layout_rooms, minmay_quadrilaterals
Temple:   kilobyte_greek_temple

Skill      XL: |  1  2  3  4  5  6  7  8  9 |
---------------+----------------------------+-----
Conjurations   | 2 3 4 5 6 7 |  7.9
Stealth        | 3 |  3.0
Spellcasting   | 3 4 |  4.0
Air Magic      | 5 6 8 |  8.0
Fighting       | 2 4 5 |  5.9
Dodging        | 3 4 6 |  6.0
Translocations | 1 3 |  3.0

Action                   |  1- 3 |  4- 6 |  7- 9 || total
-------------------------+-------+-------+-------++-------
Melee: Dagger            |     2 |     6 |    36 ||    44
       Kick              |     1 |     2 |    11 ||    14
       Peck              |       |       |     5 ||     5
 Cast: Shock             |    74 |    49 |   120 ||   243
       Static Discharge  |     8 |    17 |    61 ||    86
       Airstrike         |       |       |    16 ||    16
       Swiftness         |       |       |     1 ||     1
  Use: Scroll            |     9 |     1 |    17 ||    27
       Potion            |       |       |     1 ||     1
Armor: Robe              |     5 |     3 |    47 ||    55
       Skin              |       |       |     2 ||     2
Dodge: Dodged            |    11 |    14 |   162 ||   187

Table legend: (Time is in decaauts)
 A = Elapsed time spent in this place.
 B = Non-inter-level travel time spent in this place.
 C = Inter-level travel time spent in this place.
 D = Time resting spent in this place.
 E = Time spent auto-exploring this place.
 F = Levels seen in this place.
 G = Mean time per level.
                   A        B        C        D        E       F      G
               +--------+--------+--------+--------+--------+-----+--------+
         Total |   9625 |   8980 |    645 |   2848 |   3476 |   9 | 1069.4 |
       Dungeon |   8816 |   8201 |    615 |   2443 |   3263 |   7 | 1259.4 |
        Temple |    205 |    176 |     29 |     10 |    148 |   1 |  205.0 |
       Ossuary |    603 |    603 |      0 |    395 |     64 |   1 |  603.0 |
               +--------+--------+--------+--------+--------+-----+--------+

Top non-repeatable levels by time:
     D:3: 1902 daAuts
     D:6: 1366 daAuts
     D:5: 1352 daAuts
     D:1: 1314 daAuts
     D:2: 1053 daAuts
     D:4: 1030 daAuts
     D:7: 797 daAuts
 Ossuary: 603 daAuts
  Temple: 205 daAuts
